Map: Para Site LE

Players

Smileblind - Winner!

  • Race: Protoss Protoss
  • League: Silver
  • Spawn Location: 5:00

VOD

Have the link to the VOD?

Description

Time

  • Played on: Jan. 20, 2019, 5:35 a.m.
  • Length: 4:14
Show
View Real Time Build Order
Export as new Build Order

Smileblind Protoss - Winner!

Build Orders:  

Get SALT Encoding   

  12  0:09  Probe (Chrono Boost)  
  13  0:26  Pylon  
  14  0:31  Probe (Chrono Boost)  
  14  0:48  Probe (Chrono Boost)  
  15  0:55  Forge  
  15  0:59  Probe (Chrono Boost)  
  16  1:11  Probe (Chrono Boost)  
  17  1:28  Pylon  
  17  1:40  Assimilator  
  17  1:53  Pylon  
  17  1:57  Pylon  
  17  2:05  Photon Cannon  
  17  2:26  Photon Cannon  
  17  2:37  Photon Cannon  
  17  2:46  Photon Cannon  
  17  3:16  Photon Cannon  
  17  3:22  Pylon  
  17  3:33  Pylon  
  17  3:37  Photon Cannon  
  17  3:54  Photon Cannon  
  17  4:06  Photon Cannon  
Tags
 
League
Silver
Matchup
Co-op
Add a new tag
Caveats
  • Supply blocks, unpowered buildings, or Contaminate may cause inaccurate times.
  • Supply counts are checked every 10 seconds.